Map: Blackpink LE

Players

Scarlett

  • Race: Zerg Zerg
  • Spawn Location: 7:00

Namshar - Winner!

  • Race: Zerg Zerg
  • Spawn Location: 1:00

Event: WCS Leipzig 2018

VOD

Have the link to the VOD?

Description

Time

  • Played on: Jan. 26, 2018, 12:24 p.m.
  • Length: 7:14

All games in this series

Show
View Real Time Build Order
Export as new Build Order

Scarlett Zerg 

Build Orders: Hatch First 

Get SALT Encoding   

  12  0:00  Drone  
  13  0:12  Overlord  
  13  0:17  Drone  
  14  0:30  Drone  
  14  0:31  Drone  
  14  0:34  Drone  
  17  0:51  Hatchery  
  17  0:55  Drone  
  17  0:57  Drone  
  18  1:04  Extractor  
  17  1:12  Spawning Pool  
  17  1:15  Drone  
  17  1:18  Drone  
  18  1:29  Drone  
  19  1:39  Drone  
  20  1:50  Overlord  
  20  1:59  Queen  
  22  2:03  Queen  
  22  2:06  Metabolic Boost  
  22  2:07  Drone x2  
  27  2:15  Zergling x4  
  27  2:22  Drone  
  29  2:27  Drone  
  30  2:33  Hatchery  
  29  2:40  Queen  
  31  2:48  Baneling Nest  
  31  2:50  Overlord  
  30  2:54  Drone  
  30  2:56  Zergling x2  
  32  3:10  Drone x2  
  34  3:13  Drone x2  
  34  3:14  Drone x2  
  34  3:17  Drone  
  34  3:18  Drone  
  39  3:23  Zergling x2  
  39  3:27  Queen  
  39  3:32  Baneling x2  
  39  3:33  Zergling x2  
  42  3:35  Zergling x2  
  43  3:42  Drone  
  43  3:46  Drone x2  
  46  3:56  Drone x4  
  46  3:58  Overlord  
  46  4:01  Extractor  
  49  4:03  Evolution Chamber  
  49  4:05  Drone x2, Overlord  
  50  4:14  Overlord  
  50  4:18  Drone x2  
  50  4:19  Drone x2, Roach Warren  
  50  4:22  Drone x2  
  55  4:29  Drone x2, Zerg Missile Weapons Level 1  
  55  4:30  Extractor  
  55  4:34  Drone x2  
  57  4:41  Drone x5  
  62  4:46  Lair  
  62  4:54  Drone x5  
  67  5:02  Drone x5  
  71  5:09  Drone x3  
  71  5:10  Overlord x2  
  71  5:13  Extractor  
  73  5:14  Extractor  
  73  5:16  Zergling x4  
  73  5:19  Baneling  
  74  5:27  Overlord  
  74  5:29  Zergling x2  
  74  5:30  Zergling x14  
  74  5:31  Queen  
  78  5:36  Zergling x2  
  78  5:42  Zergling x6  
  70  5:46  Drone x4  
  67  5:50  Drone  
  67  5:54  Glial Reconstitution  
  67  5:55  Drone x4  
  67  5:56  Queen  
  74  5:59  Drone  
  74  6:03  Baneling x2  
  75  6:04  Overlord  
  75  6:06  Drone x4  
  79  6:14  Overseer  
  77  6:28  Hydralisk Den  
  66  6:36  Roach x10  
  86  6:40  Zergling x8  
Show
View Real Time Build Order
Export as new Build Order

Namshar Zerg - Winner!

Build Orders: Hatch First 

Get SALT Encoding   

  12  0:00  Drone  
  13  0:12  Overlord  
  13  0:16  Drone  
  14  0:30  Drone x2  
  14  0:34  Drone  
  17  0:51  Hatchery  
  17  0:54  Drone  
  17  0:57  Drone  
  18  1:01  Extractor  
  17  1:13  Spawning Pool  
  17  1:15  Drone  
  17  1:18  Drone  
  18  1:28  Drone  
  19  1:41  Overlord  
  19  1:49  Drone  
  20  1:59  Queen  
  22  2:02  Zergling x2, Metabolic Boost  
  22  2:03  Queen  
  22  2:05  Zergling x2  
  26  2:11  Drone  
  26  2:14  Drone  
  28  2:21  Drone  
  29  2:24  Drone  
  30  2:35  Hatchery  
  30  2:37  Drone  
  30  2:39  Drone  
  31  2:44  Baneling Nest  
  31  2:49  Overlord  
  30  2:54  Drone  
  30  2:56  Drone  
  32  2:58  Drone  
  33  3:06  Drone  
  33  3:12  Overlord x2  
  34  3:14  Zergling x4  
  36  3:24  Overlord  
  35  3:30  Queen  
  35  3:31  Zergling x2  
  35  3:32  Drone  
  35  3:33  Drone  
  40  3:34  Baneling x2  
  40  3:35  Drone  
  40  3:36  Drone  
  42  3:45  Drone x3  
  42  3:46  Drone x2  
  47  3:50  Evolution Chamber  
  46  4:00  Drone x2  
  46  4:01  Drone x4  
  51  4:03  Extractor  
  51  4:06  Zergling x2  
  51  4:10  Overlord  
  51  4:12  Drone  
  51  4:15  Zerg Missile Weapons Level 1  
  53  4:17  Drone  
  53  4:18  Drone  
  53  4:19  Drone  
  53  4:21  Zergling x2  
  56  4:26  Drone  
  56  4:30  Zergling x2  
  57  4:31  Lair  
  57  4:36  Extractor x2  
  57  4:38  Zergling x4  
  56  4:39  Drone x6  
  56  4:45  Drone  
  63  4:50  Overlord  
  63  4:54  Zergling x2  
  63  4:55  Zergling x8  
  68  5:04  Overlord x2  
  67  5:07  Drone  
  67  5:09  Drone  
  67  5:10  Drone x3  
  67  5:13  Hatchery  
  71  5:18  Overlord  
  71  5:20  Drone x2  
  71  5:21  Drone x2  
  74  5:34  Drone  
  74  5:35  Drone x7  
  79  5:40  Zergling x4  
  78  5:47  Zergling x2, Evolution Chamber  
  78  5:48  Roach Warren, Spire  
  78  5:49  Extractor  
  71  5:53  Extractor, Zergling x10  
  75  6:00  Zergling x2  
  75  6:02  Queen  
  78  6:04  Zergling x8  
  78  6:05  Zergling x2  
  78  6:06  Baneling, Zergling x2  
  78  6:07  Baneling  
  78  6:08  Baneling  
  78  6:09  Baneling  
  84  6:18  Zergling x10  
  81  6:34  Unknown  
  80  6:40  Drone  
  80  6:41  Drone  
  80  6:43  Drone x3  
  85  6:49  Drone x2  
Tags
 
Add a new tag
Caveats
  • Supply blocks, unpowered buildings, or Contaminate may cause inaccurate times.
  • Supply counts are checked every 10 seconds.